 Dungeon Crawl Stone Soup version 0.30-a0-1160-g6e42c06551 (webtiles) character file.

Game seed: 10018355129794574603

115 voltaire321 the Shield-Bearer (level 5, 0/42 HPs)
             Began as a Formicid Fighter on Apr 25, 2023.
             Killed by nerve-wracking pain
             ... invoked by Grinder
              (7 damage)
             ... on level 3 of the Dungeon.
             The game lasted 00:04:31 (1571 turns).

voltaire321 the Shield-Bearer (Formicid Fighter)    Turns: 1571, Time: 00:04:31

Health: 0/42       AC:  8    Str: 23    XL:     5   Next: 20%
Magic:  5/5        EV: 10    Int:  7    God:
Gold:   137        SH:  5    Dex: 13    Spells: 4/4 levels left

rFire   . . .        a - +0 war axe
rCold   . . .        c - +0 buckler
rNeg    . . .        b - +0 scale mail
rPois   .            (helmet unavailable)
rElec   .            l - +0 cloak
rCorr   .            (no gloves)
SInv    +            (no boots)
Will    .....        (no amulet) Stlth
                     (no ring)
HPRegen 0.27/turn    (no ring)
MPRegen 0.09/turn

%: no passive effects
@: mighty
A: permanent stasis, dig shafts and tunnels, antennae 3, four strong arms
a: Dig, Shaft Self


You were on level 3 of the Dungeon.
You visited 1 branch of the dungeon, and saw 3 of its levels.

You collected 137 gold pieces.

Inventory:

Hand Weapons
 a - a +0 war axe (weapon)
Armour
 b - a +0 scale mail (worn)
 c - a +0 buckler (worn)
 l - a +0 cloak (worn)
Wands
 r - a wand of digging (7)
Scrolls
 e - a scroll of enchant armour {unknown}
 f - 3 scrolls of identify {unknown}
 g - a scroll of acquirement {unknown}
 m - 4 scrolls of noise {unknown}
 n - a scroll of vulnerability {unknown}
 o - a scroll of teleportation {unknown}
 q - a scroll of poison {unknown}
Potions
 d - a potion of might
 h - 2 potions of attraction {unknown}
 i - 3 potions of lignification {unknown}
 j - a potion of haste {unknown}
 k - a potion of degeneration {unknown}
 p - a potion of heal wounds {unknown}


   Skills:
 + Level 4.0 Fighting
 + Level 2.7 Axes
 + Level 4.0 Armour
 + Level 1.5 Dodging
 + Level 4.8 Shields


You had 4 spell levels left.
You didn't know any spells.
Your spell library was empty.

Dungeon Overview and Level Annotations

Branches:
Dungeon (3/15)

Altars:

Annotations:
D:3 Grinder


Innate Abilities, Weirdness & Mutations

You cannot be hasted, slowed, berserked, paralysed or teleported.
You can dig through walls and to a lower floor.
You have a pair of large antennae on your head. (SInv)
Your four strong arms can wield two-handed weapons with a shield.


Message History

Grinder gestures at you. Pain shoots through your body!
Grinder says, "Mostly I couldn't keep them alive."
You hit Grinder.
Grinder is heavily wounded.
Grinder hits you.
You writhe in agony.
Grinder gestures at you. Pain shoots through your body!
You slash Grinder!
Grinder is severely wounded.
Grinder gestures at you.
Your stasis prevents you from being paralysed.
You barely miss Grinder.
Grinder is severely wounded.
Grinder hits you.
You writhe in agony.
* * * LOW HITPOINT WARNING * * *
You barely miss Grinder.
Grinder is severely wounded.
Grinder hits you.
* * * LOW HITPOINT WARNING * * *
Grinder says, "There's only one good use for a tongue: cutting it out."
You block Grinder's attack.
You barely miss Grinder.
Grinder is severely wounded.
Grinder says, "I used to sell toenails on the black market."
Grinder closely misses you.
You barely miss Grinder.
Grinder is severely wounded.
Grinder blinks!
Grinder gestures at you.
Your stasis prevents you from being paralysed.
You closely miss Grinder.
Grinder is severely wounded.
Grinder gestures at you. You resist with significant effort.
You slash Grinder!
Grinder is almost dead.
Grinder gestures at you. Pain shoots through your body!
You die...

## #.
#.####.########
#......<...>..# #
#.####.#.....#####.#
........5@.....#
.......###########
.........#
.........#
.........#
.........#


You could see Grinder.

Vanquished Creatures
  Terence (D:2)
  3 adders (D:2)
  2 worms (D:2)
  A dart slug (D:1)
  11 ball pythons
  2 endoplasms
  2 giant cockroaches (D:1)
  5 goblins
  2 hobgoblins
  2 jackals (D:2)
  5 kobolds
  2 quokkas (D:1)
  4 bats
  6 frilled lizards
  12 rats
60 creatures vanquished.

Vanquished Creatures (others)
  A fungus (D:1)
1 creature vanquished.

Grand Total: 61 creatures vanquished

Notes
Turn   | Place    | Note
-------+----------+-------------------------------------------
     0 | D:1      | voltaire321 the Formicid Fighter began the quest for the
                  | Orb.
     0 | D:1      | Reached XP level 1. HP: 18/18 MP: 1/1
   105 | D:1      | Reached XP level 2. HP: 24/24 MP: 2/2
   252 | D:1      | Reached XP level 3. HP: 22/29 MP: 3/3
   830 | D:2      | Noticed Terence
   846 | D:2      | Killed Terence
   847 | D:2      | Reached skill level 1 in Dodging
   847 | D:2      | Reached XP level 4. HP: 26/37 MP: 4/4
  1347 | D:2      | Reached XP level 5. HP: 39/42 MP: 5/5
  1553 | D:3      | Noticed Grinder
  1571 | D:3      | Killed from afar by Grinder

Illustrated notes

Levels and vault maps discovered:
D:1:      dpeg_arrival_prison, layout_loops_ring, minmay_misc_feat_nine_boxes
D:2:      layout_loops_ring, kennysheep_potato, uniq_terence
D:3:      cheibrodos_helix_gallery, layout_rooms, uniq_jessica, uniq_grinder,
          uniq_natasha

Skill      XL: |  1  2  3  4  5 |
---------------+----------------+-----
Dodging        | 1 |  1.5
Fighting       | 4 |  4.0
Armour         | 4 |  4.0
Axes           | |  2.7
Shields        | |  4.8

Action                     |  1- 3 |  4- 6 || total
---------------------------+-------+-------++-------
  Melee: War axe           |    77 |    90 ||   167
    Use: Potion            |       |     1 ||     1
 Armour: Scale mail        |    35 |    41 ||    76
  Dodge: Dodged            |    42 |    49 ||    91
  Block: Buckler           |    23 |    26 ||    49

Table legend: (Time is in decaauts)
 A = Elapsed time spent in this place.
 B = Non-inter-level travel time spent in this place.
 C = Inter-level travel time spent in this place.
 D = Time resting spent in this place.
 E = Time spent auto-exploring this place.
 F = Levels seen in this place.
 G = Mean time per level.
                   A        B        C        D        E       F      G
               +--------+--------+--------+--------+--------+-----+--------+
         Total |   1638 |   1608 |     30 |      0 |   1116 |   3 |  546.0 |
       Dungeon |   1638 |   1608 |     30 |      0 |   1116 |   3 |  546.0 |
               +--------+--------+--------+--------+--------+-----+--------+

Top non-repeatable levels by time:
     D:2: 837 daAuts
     D:1: 771 daAuts
     D:3: 29 daAuts
